General information
- name: BNet
- type: Ladder 1vs1/FFA
- host: Battle.net
- saver: ANGRY_KOREA_MAN
map: TirisfalGlades
- players: 2
- length: 69:34
- speed: Fast
- version: 1.23 W3XP
- replay type: Public
» download(261 KB)
Players
team 1 (winner)
ANGRY_KOREA_MAN (
teal | 75 APM | 5209 actions | 69:34)
7 Blood Mage
3 Flame Strike
3 Siphon Mana
1 Summon Phoenix
» actions
| Assign group hotkey | 137 | |
| Basic commands | 489 | |
| Build / train | 174 | |
| ESC pressed | 8 | |
| Enter build submenu | 60 | |
| Enter hero's abilities submenu | 7 | |
| Right click | 2067 | |
| Select / deselect | 1611 | |
| Select group hotkey | 313 | |
| Use ability | 343 | |
5209 total
» units
| Peasant | 39 | |
| Priest | 24 | |
| Mortar Team | 20 | |
| Flying Machine | 4 | |
| Rifleman | 9 | |
| Siege Engine | 7 | |
| Sorceress | 1 | |
104 total
» upgrades
| Masonry | 3 | |
| Gunpowder | 3 | |
| Lumber Harvesting | 2 | |
| Priest Training | 2 | |
| Flare | 1 | |
| Fragmentation Shards | 1 | |
| Armor | 3 | |
| Long Rifles | 1 | |
| Sorceress Training | 1 | |
17 total
» buildings
| Altar of Kings | 1 | |
| Farm | 8 | |
| Lumber Mill | 1 | |
| Scout Tower | 35 | |
| Guard Tower | 22 | |
| Arcane Vault | 1 | |
| Keep | 2 | |
| Arcane Tower | 3 | |
| Town Hall | 2 | |
| Blacksmith | 1 | |
| Workshop | 2 | |
| Arcane Sanctum | 2 | |
| Cannon Tower | 4 | |
| Castle | 1 | |
| Barracks | 3 | |
88 total
» build order
00:07 Altar of Kings
00:20 Farm
00:53 Lumber Mill
01:20 Farm
01:27 Scout Tower
01:29 Scout Tower
02:00 Guard Tower
02:09 Guard Tower
02:25 Arcane Vault
02:28 Scout Tower
02:56 Guard Tower
03:21 Keep
04:55 Scout Tower
04:55 Scout Tower
04:56 Scout Tower
04:57 Scout Tower
05:15 Guard Tower
05:19 Guard Tower
05:26 Arcane Tower
05:27 Guard Tower
05:47 Town Hall
06:35 Keep
06:50 Scout Tower
06:51 Scout Tower
07:12 Blacksmith
07:14 Farm
07:17 Scout Tower
07:21 Arcane Tower
07:51 Guard Tower
08:38 Guard Tower
08:39 Scout Tower
08:41 Scout Tower
08:42 Scout Tower
08:45 Scout Tower
08:46 Scout Tower
09:00 Workshop
09:01 Arcane Sanctum
09:05 Workshop
09:12 Guard Tower
09:15 Arcane Tower
09:21 Farm
09:22 Farm
09:35 Guard Tower
09:42 Guard Tower
10:03 Scout Tower
10:04 Scout Tower
10:43 Farm
10:47 Cannon Tower
10:58 Cannon Tower
11:32 Scout Tower
11:39 Arcane Sanctum
11:57 Castle
12:02 Guard Tower
12:33 Farm
12:35 Farm
12:48 Scout Tower
12:52 Scout Tower
12:53 Scout Tower
12:56 Scout Tower
14:57 Scout Tower
14:59 Scout Tower
15:01 Scout Tower
15:03 Scout Tower
15:28 Cannon Tower
15:29 Guard Tower
15:30 Cannon Tower
15:34 Guard Tower
15:38 Scout Tower
15:40 Scout Tower
15:42 Scout Tower
15:44 Scout Tower
15:48 Guard Tower
16:14 Guard Tower
16:27 Scout Tower
17:00 Guard Tower
17:00 Scout Tower
17:28 Town Hall
17:32 Guard Tower
23:30 Barracks
23:32 Barracks
23:34 Barracks
24:56 Scout Tower
24:58 Scout Tower
25:24 Guard Tower
26:20 Guard Tower
26:46 Scout Tower
30:37 Guard Tower
» items
| Boots of Speed | 1 | |
| Staff of Teleportation | 1 | |
| Scroll of Regeneration | 2 | |
| Lesser Clarity Potion | 5 | |
| Potion of Healing | 1 | |
10 total
team 2 (loser)
ANGER_WHITE_MAN (
purple | 147 APM | 10156 actions | 68:53)
10 Blood Mage
3 Flame Strike
3 Siphon Mana
1 Summon Phoenix
3 Banish
» actions
| Assign group hotkey | 49 | |
| Basic commands | 1128 | |
| Build / train | 116 | |
| ESC pressed | 4 | |
| Enter build submenu | 32 | |
| Enter hero's abilities submenu | 10 | |
| Give item / drop item | 5 | |
| Right click | 3739 | |
| Select / deselect | 1028 | |
| Select group hotkey | 3618 | |
| Use ability | 427 | |
10156 total
» units
| Peasant | 25 | |
| Mortar Team | 14 | |
| Priest | 17 | |
| Sorceress | 1 | |
| Siege Engine | 4 | |
61 total
» upgrades
| Masonry | 3 | |
| Lumber Harvesting | 1 | |
| Priest Training | 2 | |
| Fragmentation Shards | 1 | |
| Gunpowder | 2 | |
9 total
» buildings
| Altar of Kings | 1 | |
| Farm | 9 | |
| Lumber Mill | 1 | |
| Scout Tower | 11 | |
| Guard Tower | 8 | |
| Keep | 1 | |
| Blacksmith | 1 | |
| Workshop | 3 | |
| Arcane Sanctum | 1 | |
| Arcane Vault | 1 | |
| Castle | 1 | |
| Town Hall | 1 | |
39 total
» build order
00:19 Altar of Kings
00:34 Farm
00:49 Lumber Mill
01:16 Scout Tower
01:19 Scout Tower
01:50 Farm
02:00 Guard Tower
02:10 Guard Tower
03:36 Keep
03:59 Blacksmith
04:04 Scout Tower
04:06 Scout Tower
04:09 Scout Tower
04:21 Scout Tower
04:24 Scout Tower
05:06 Guard Tower
05:20 Guard Tower
06:04 Guard Tower
06:19 Workshop
06:23 Workshop
06:47 Arcane Sanctum
07:24 Farm
07:42 Arcane Vault
07:55 Farm
08:40 Castle
09:15 Farm
09:54 Workshop
11:43 Farm
11:49 Scout Tower
11:50 Scout Tower
11:52 Scout Tower
12:17 Guard Tower
12:30 Guard Tower
12:53 Guard Tower
13:15 Scout Tower
13:18 Farm
15:06 Farm
60:36 Town Hall
64:43 Farm
» items
| Boots of Speed | 1 | |
| Staff of Teleportation | 1 | |
| Scroll of Regeneration | 6 | |
| Lesser Clarity Potion | 8 | |
| Potion of Healing | 2 | |
| Orb of Fire | 1 | |
19 total
Chat log
(00:03 / All) ANGER_WHITE_MAN: lol
(00:05 / All) ANGER_WHITE_MAN: ROFL
(00:11 / All) ANGER_WHITE_MAN: CANT IGNORE ME FOREVER
(00:14 / All) ANGRY_KOREA_MAN: SHUTUP I HATE YOU
(00:15 / All) ANGER_WHITE_MAN: TELL ME TO SHUTUP
(00:22 / All) ANGER_WHITE_MAN: BOUT TIME
(00:24 / All) ANGER_WHITE_MAN: SAY IT AGAIN
(00:44 / All) ANGER_WHITE_MAN: I WISPER U ON HOURLY BASES
(01:04 / All) ANGER_WHITE_MAN: KINGDOM KOREA?
(01:09 / All) ANGER_WHITE_MAN: CRITTER CREEP?
(01:13 / All) ANGER_WHITE_MAN: BLADE MEXICANS?
(01:23 / All) ANGER_WHITE_MAN: BLOODMAGE.COM?
(01:40 / All) ANGER_WHITE_MAN: I DO HAVE A FEW THINGS U DONT HAVE
(02:07 / All) ANGER_WHITE_MAN: TROLL ME
(05:42 / All) ANGER_WHITE_MAN: WTF IS THIS
(15:29 / All) ANGER_WHITE_MAN: GTFO OF MY EXPO DIE IN FIRE
(15:36 / All) ANGER_WHITE_MAN: ONE EACH PLZ
(22:29 / All) ANGER_WHITE_MAN: SECRET WEAPON TIME
(22:53 / All) ANGRY_KOREA_MAN: ?
(22:59 / All) ANGER_WHITE_MAN: BUG
(23:03 / All) ANGER_WHITE_MAN: URS DONT DO THAT
(23:07 / All) ANGER_WHITE_MAN: CAUSE UR RACIST
(23:18 / All) ANGER_WHITE_MAN: I COULD PROB TAKE U OUT
(23:26 / All) ANGER_WHITE_MAN: BUT GOING TO GIVE U WIN
(24:28 / All) ANGER_WHITE_MAN: TELL ME WHEN U HAD ENOUGH
(39:32 / All) ANGER_WHITE_MAN: JUST SAY U GIVE
(53:09 / All) ANGER_WHITE_MAN: GIVE ME BACK MY RING
(54:42 / All) ANGER_WHITE_MAN: GIVE?
(55:16 / All) ANGER_WHITE_MAN: SAY GIVE AN I LEAVE
(55:27 / All) ANGER_WHITE_MAN: I COPY UR STRATS TO A TEE
(57:14 / All) ANGER_WHITE_MAN: UR REALLY DAMPNING MY MOOD HERE KOREAN MAN
(57:21 / All) ANGER_WHITE_MAN: UR THE ORGINATOR GIVE ME SOME WORDS
(57:25 / All) ANGER_WHITE_MAN: SO I CAN GIVE U WIN
(58:18 / All) ANGER_WHITE_MAN: COMEON
(58:38 / All) ANGER_WHITE_MAN: WHY YOU BEING RACIST
(58:50 / All) ANGER_WHITE_MAN: SORRY I CHIT
(66:05 / All) ANGER_WHITE_MAN: ILL LEAVE WHEN U HAVE ONE BUILDING LEFT
(66:07 / All) ANGER_WHITE_MAN: A FARM
(66:25 / All) ANGER_WHITE_MAN: OR U SAY
(68:36 / All) ANGER_WHITE_MAN: MAYBE A SHUTUP I LIKE U
(68:46 / All) ANGER_WHITE_MAN: THANKS FOR THE STRATS
(68:51 / All) ANGER_WHITE_MAN: AND KEEP BEING ANGRY